 Dungeon Crawl Stone Soup version 0.24-a0-347-g1a3e1d35ff (webtiles) character file.

Game seed: 8197924724627497804

26 mhoghedin the Firebug (level 2, -2/20 HPs)
             Began as a Draconian Fire Elementalist on May 22, 2019.
             Hit by a stone thrown by a gnoll (6 damage)
             ... on level 2 of the Dungeon.
             The game lasted 00:02:08 (1175 turns).

mhoghedin the Firebug (Draconian Fire Elementalist) Turns: 1175, Time: 00:02:08

Health: -2/20      AC:  5    Str: 10    XL:     2   Next: 89%
Magic:  1/5        EV: 12    Int: 15    God:
Gold:   41         SH:  0    Dex: 11    Spells: 4/5 levels left

rFire    . . .     SeeInvis .   a - +0 dagger
rCold    . . .     Gourm    .   (no shield)
rNeg     . . .     Faith    .   (armour unavailable)
rPois    .         Spirit   .   (helmet restricted)
rElec    .         Reflect  .   (no cloak)
rCorr    .         Harm     .   g - +0 pair of gloves
MR       .....                  (no boots)
Stlth    ++........             (no amulet)
HPRegen  0.06/turn              (no ring)
MPRegen  0.09/turn              (no ring)

@: no status effects
A: unfitting armour, cold-blooded, AC +4
a: no special abilities


You were on level 2 of the Dungeon.
You were hungry.

You visited 1 branch of the dungeon, and saw 2 of its levels.

You collected 41 gold pieces.

Inventory:

Hand Weapons
 a - a +0 dagger (weapon)
   (You took it off a kobold on level 1 of the Dungeon)
Armour
 g - a +0 pair of gloves (worn)
   (You found it on level 1 of the Dungeon)
Scrolls
 d - 2 scrolls of identify {unknown}
 h - a scroll of teleportation {unknown}
 j - a scroll of fear {unknown}
Potions
 c - a potion of lignification {unknown}
 e - a potion of agility {unknown}
 f - a potion of might {unknown}
 i - a potion of brilliance {unknown}
Comestibles
 b - 3 rations
 k - 4 chunks of flesh {@w0}


   Skills:
 - Level 1.9 Dodging
 - Level 2.0 Stealth
 + Level 2.3 Spellcasting
 + Level 1.6 Conjurations
 + Level 3.3 Fire Magic


You had 4 spell levels left.
You knew the following spells:

 Your Spells              Type           Power        Failure   Level  Hunger
a - Flame Tongue          Conj/Fire      #....        8%          1    #......

Your spell library contained the following spells:

 Spells                   Type           Power        Failure   Level  Hunger
 Throw Flame              Conj/Fire      #.....       12%         2    ###....
 Conjure Flame            Conj/Fire      #.......     22%         3    ###....
 Inner Flame              Hex/Fire       #.......     32%         3    ###....
 Sticky Flame             Conj/Fire      #.......     58%         4    #####..
 Fireball                 Conj/Fire      #.........   91%         5    ######.


Dungeon Overview and Level Annotations

Branches:
Dungeon (2/15)

Altars:


Innate Abilities, Weirdness & Mutations

Your plain brown scales are hard. (AC +4)
You cannot fit into any form of body armour.
You are cold-blooded and may be slowed by cold attacks.


Message History

There is a stone staircase leading up here.
You see here a bat corpse.
You butcher the bat corpse.
k - a chunk of flesh {@w0} You see here a bat skeleton.
You see here a frilled lizard corpse.
You butcher the frilled lizard corpse.
k - 2 chunks of flesh {@w0} (gained 1)
You see here a frilled lizard skeleton.
Eating one of 2 chunks of flesh {@w0}.
You eat one of the 2 chunks of flesh {@w0}.
The frilled lizard is too close now for your liking.
A frilled lizard is nearby!
A frilled lizard is nearby!
You can't see any susceptible monsters within range! (Use Z to cast anyway.)
The frilled lizard hisses angrily.
You see here a bat skeleton.
There is a stone staircase leading up here.
Aim: a frilled lizard The flame tongue misses the frilled lizard.
You now have 4/5 mp.
Aim: a frilled lizard The flame tongue misses the frilled lizard.
The frilled lizard misses you.
You now have 3/5 mp.
Aim: a frilled lizard The flame tongue hits the frilled lizard.
You kill the frilled lizard!
You see here a frilled lizard corpse.
Found an escape hatch in the floor.
You now have 2/5 mp.
You can't see any susceptible monsters within range! (Use Z to cast anyway.)
You can't see any susceptible monsters within range! (Use Z to cast anyway.)
You now have 41 gold pieces (gained 11).
b - 3 rations (gained 1)
You open the door.
A bat comes into view.
Found 21 sling bullets and 8 gold pieces.
Found a stone staircase leading down.
A bat is nearby!
A bat is nearby!
Aim: a bat (resting)
The flame tongue hits the bat!
You kill the bat!
You hear a shout!
A hobgoblin comes into view. It is wielding a +0 club.
You now have 2/5 mp.
Aim: a hobgoblin, wielding a +0 club The flame tongue hits the hobgoblin!
You kill the hobgoblin!
You now have 1/5 mp.
You can't see any susceptible monsters within range! (Use Z to cast anyway.)
You can't see any susceptible monsters within range! (Use Z to cast anyway.)
There is an open door here.
Things that are here:
a +0 club; a hobgoblin corpse You butcher the hobgoblin corpse.
k - 4 chunks of flesh {@w0} (gained 3)
Things that are here:
a +0 club; a hobgoblin skeleton There isn't anything to butcher here.
You start resting.
A gnoll comes into view. It is wielding a +0 spear.
Aim: a gnoll, wielding a +0 spear (hasn't noticed you)
The flame tongue misses the gnoll.
The gnoll shouts!
You are feeling hungry.
You hear a shout!
The gnoll hits you from afar with a +0 spear!
You take 7 damage, and have 13/20 hp.
MASSIVE DAMAGE!!
You now have 2/5 mp.
Aim: a gnoll, wielding a +0 spear The flame tongue hits the gnoll.
The gnoll closely misses you.
You now have 1/5 mp.
Aim: a gnoll, wielding a +0 spear (lightly wounded)
The flame tongue misses the gnoll.
The gnoll barely misses you.
You now have 0/5 mp.
You don't have enough magic to cast that spell.
You close the door.
A gnoll opens the door.
You close the door.
A gnoll opens the door.
As you close the door, it creaks loudly!
A gnoll opens the door.
A gnoll comes into view. It is wielding a +0 halberd.
You close the door.
A gnoll opens the door.
The gnoll throws a stone.
The stone barely misses you.
The gnoll throws a stone.
The stone barely misses you.
The gnoll throws a stone.
The stone hits you.
You see here a stone.
You take 1 damage, and have 12/20 hp.
The gnoll throws a stone.
The stone misses you.
The gnoll throws a stone.
The stone hits you!
* * * LOW HITPOINT WARNING * * *
You see here a stone.
You take 8 damage, and have 4/20 hp.
MASSIVE DAMAGE!!
The gnoll throws a stone.
The stone closely misses you.
There is a stone staircase leading down here.
You see here a stone.
The gnoll throws a stone.
The stone hits you.
You die...

#.# #.##.# ##+## #.#
##.##.# ##...##
#.###..##.###.....##
#.##...##.##.......##
#.##...##.#.........#
..........g)..(.....+
#.........#..(..(.).#
##.....>.###....(..##
##....### ##$.(@(##
#....# ##...## #.####
##+## #.# #.# #.#


You could see a gnoll.

Vanquished Creatures
  6 bats
  A giant cockroach (D:1)
  2 goblins (D:1)
  3 hobgoblins
  A ball python (D:2)
  4 frilled lizards
  5 kobolds
  4 rats (D:1)
26 creatures vanquished.

Notes
Turn   | Place    | Note
-------+----------+-------------------------------------------
     0 | D:1      | mhoghedin the Draconian Fire Elementalist began the quest
                  | for the Orb.
     0 | D:1      | Reached XP level 1. HP: 14/14 MP: 3/3
   133 | D:1      | HP: 3/14 [hobgoblin (4)]
   540 | D:1      | Reached skill level 2 in Stealth
   540 | D:1      | Reached XP level 2. HP: 20/20 MP: 1/5
  1173 | D:2      | HP: 4/20 [gnoll/stone (8)]
  1175 | D:2      | Hit by a stone thrown by a gnoll

Levels and vault maps discovered:
D:1:      minmay_arrival_wavy_path, layout_rooms
D:2:      layout_loops_corners, first_ration, minmay_cut_off

Skill      XL: |  1 |
---------------+----+-----
Stealth        | 2 |  2.0
Dodging        | |  1.9
Spellcasting   | |  2.3
Conjurations   | |  1.6
Fire Magic     | |  3.3

Action                   || total
-------------------------++-------
Melee: Dagger            ||    18
       Tailslap          ||     2
 Cast: Flame Tongue      ||    47
  Eat: Chunk             ||     1
Armor: Skin              ||    15
Dodge: Dodged            ||    51

Table legend:
 A = Non-vault XP
 B = Vault XP
 C = Vault XP percentage of total XP
 D = Non-vault monster count
 E = Vault monster count
 F = Vault count percentage of total count
                 A         B        C        D         E       F
            +---------+---------+-------+---------+---------+-------
      Total |      38 |       0 |   0.0 |      26 |       0 |   0.0
            +---------+---------+-------+---------+---------+-------
        D:1 |      29 |       0 |   0.0 |      19 |       0 |   0.0
        D:2 |       9 |       0 |   0.0 |       7 |       0 |   0.0
            +---------+---------+-------+---------+---------+-------

Levels and vault maps discovered:
D:1:      minmay_arrival_wavy_path, layout_rooms
D:2:      layout_loops_corners, first_ration, minmay_cut_off

Table legend:
 A = Turns spent in this place as a percentage of turns spent in the entire game.
 B = Non-inter-level travel turns spent in this place as a percentage of non-inter-level travel turns spent in the entire game.
 C = Inter-level travel turns spent in this place as a percentage of turns spent in this place.
 D = Turns resting spent in this place as a percentage of non-inter-level travel turns spent in this place.
 E = Turns spent auto-exploring this place as a percentage of non-inter-level travel turns spent in this place.
 F = Non-inter-level travel turns spent in this place divided by the number of levels of this place that you've seen.
                   A       B       C       D       E      F
               +-------+-------+-------+-------+-------+----------------------
         Total | 100.0 | 100.0 |   2.2 |  50.8 |  28.5 | 574.5
       Dungeon | 100.0 | 100.0 |   2.2 |  50.8 |  28.5 | 574.5
               +-------+-------+-------+-------+-------+----------------------

Table legend:
 A = Kills in this place as a percentage of kills in entire the game.
 B = Kills by you in this place as a percentage of kills by you in the entire game.
 C = Kills by friends in this place as a percentage of kills by friends in the entire game.
 D = Other kills in this place as a percentage of other kills in the entire game.
 E = Experience gained in this place as a percentage of experience gained in the entire game.
 F = Experience gained in this place divided by the number of levels of this place that you have seen.
                   A       B       C       D       E      F
               +-------+-------+-------+-------+-------+----------------------
         Total | 100.0 | 100.0 |   N/A |   N/A | 100.0 |  19.0
       Dungeon | 100.0 | 100.0 |   N/A |   N/A | 100.0 |  19.0
               +-------+-------+-------+-------+-------+----------------------
